AoeStats
← 文風

Lombardia

509870108Analyzed
4v4 RM · 4d ago on Sep 28, 2026· 62m 4s· 8 players
Game mode
Random Map
Map size
Large (8 player)
Population
200
Speed
Normal
Resources
Standard
Victory
Conquest
Starting age
Dark Age
Ending age
Imperial Age
RankedLock teamsTeams togetherTeam positionsShared explorationLock speedFull tech treeHidden civsTurbo modeCheats
Victory
Defeat
🇨🇴 Varangians · Colombia
1472
+14
🇭🇰 Tatars · Hong Kong SAR China
1464
+15
🇭🇰 Britons · Hong Kong SAR China
1462
+15
🇭🇰 Goths · Hong Kong SAR China
1415
+17
🇹🇼 Slavs · Taiwan
1478
-17
🇨🇭 Mongols · Switzerland
1456
-16
🇭🇰 Khmer · Hong Kong SAR China
1425
-15
🇨🇳 Huns · China
1384
-13
虫
4:28 Loom
11:26 Feudal Age
15:17 Castle Age
13:37 Double-Bit Axe
13:34 Horse Collar
16:38 Bow Saw
16:30 Heavy Plow
16:26 Stone Mining
20:47 Wheelbarrow
22:05 Hand Cart
25:00 Gold Mining
25:46 Stone Shaft Mining
30:29 Imperial Age
28:38 Gold Shaft Mining
28:40 Town Watch
29:50 Town Patrol
30:07 Fortified Wall
30:12 Scale Barding Armor
30:18 Forging
31:11 Coinage
30:41 Caravan
31:33 Chain Barding Armor
32:26 Crop Rotation
33:15 Iron Casting
33:56 Husbandry
34:07 Bloodlines
33:18 Elite Battle Elephant
34:38 Conscription
39:16 Plate Barding Armor
40:20 Murder Holes
40:53 Arson
40:28 Pikeman
42:46 Blast Furnace
41:49 Scale Mail Armor
45:45 Siege Engineers
45:35 Heavy Scorpion
47:00 Capped Ram
48:07 Chain Mail Armor
47:43 Fletching
47:53 Padded Archer Armor
51:08 Double Crossbow
52:14 Chemistry
51:35 Ballistics
50:56 Siege Ram
lorddoc
6:15 Loom
10:04 Feudal Age
15:26 Castle Age
14:55 Double-Bit Axe
15:10 Horse Collar
23:03 Wheelbarrow
23:47 Fletching
29:54 Imperial Age
27:49 Padded Archer Armor
29:27 Bodkin Arrow
29:48 Leather Archer Armor
29:58 Heavy Plow
30:22 Thumb Ring
30:41 Bloodlines
30:32 Husbandry
30:57 Bracer
31:23 Ballistics
32:41 Chemistry
32:37 Hand Cart
33:49 Parthian Tactics
36:14 Conscription
36:10 Caravan
37:12 Bow Saw
41:18 Masonry
40:50 Elite Mangudai
44:09 Light Cavalry
44:56 Scale Barding Armor
47:30 Chain Barding Armor
47:21 Forging
50:16 Iron Casting
50:54 Hussar
55:29 Coinage
58:44 Blast Furnace
yclin124
7:34 Loom
9:37 Feudal Age
10:47 Double-Bit Axe
17:41 Castle Age
16:06 Gold Mining
15:57 Horse Collar
18:50 Bow Saw
18:49 Heavy Plow
26:57 Stone Mining
28:27 Wheelbarrow
28:26 Detinets
31:33 Imperial Age
30:30 Hand Cart
30:01 Town Watch
31:51 Fortified Wall
32:01 Ballistics
32:48 Conscription
31:59 Capped Ram
33:08 Scale Barding Armor
33:14 Forging
33:25 Masonry
34:17 Chemistry
33:32 Elite Boyar
34:34 Chain Barding Armor
34:17 Husbandry
34:28 Bloodlines
34:41 Squires
34:02 Pikeman
35:13 Caravan
35:26 Siege Engineers
35:42 Fortified Wall
35:20 Heavy Scorpion
36:47 Gold Shaft Mining
37:40 Heavy Scorpion
39:43 Pikeman
40:23 Squires
40:11 Halberdier
41:48 Scale Mail Armor
42:24 Iron Casting
42:25 Plate Barding Armor
41:53 Druzhina
45:47 Hoardings
45:21 Man-at-Arms
46:52 Chain Mail Armor
47:37 Blast Furnace
46:41 Long Swordsman
47:13 Two-Handed Swordsman
48:51 Plate Mail Armor
48:29 Champion
50:23 Fletching
51:05 Bodkin Arrow
825889483
6:53 Loom
9:55 Feudal Age
20:00 Castle Age
18:38 Double-Bit Axe
21:51 Bloodlines
22:41 Horse Collar
25:06 Heavy Plow
26:11 Wheelbarrow
32:15 Imperial Age
29:42 Gold Mining
31:08 Gold Shaft Mining
31:02 Scale Barding Armor
31:00 Stone Mining
31:19 Husbandry
32:19 Chain Barding Armor
32:10 Forging
33:20 Conscription
32:29 Cavalier
34:21 Plate Barding Armor
34:22 Conscription
35:10 Paladin
36:40 Caravan
36:51 Guilds
37:17 Bow Saw
40:12 Marauders
42:12 Iron Casting
41:58 Light Cavalry
45:41 Blast Furnace
47:03 Hussar
50:41 Ballistics
50:17 Fletching
50:28 Padded Archer Armor
[LGP] Shiroo
6:22 Loom
6:31 Loom
9:44 Feudal Age
10:50 Double-Bit Axe
10:46 Horse Collar
19:12 Castle Age
20:12 Bow Saw
24:05 Town Watch
29:57 Wheelbarrow
32:07 Imperial Age
29:06 Vendel Legacy
29:53 Scale Barding Armor
29:43 Gold Mining
31:16 Chain Barding Armor
31:10 Bloodlines
31:02 Husbandry
33:25 Plate Barding Armor
32:11 Cavalier
33:02 Forging
34:28 Caravan
40:09 Town Patrol
42:11 Iron Casting
41:48 Light Cavalry
43:59 Blast Furnace
44:38 Conscription
44:38 Hussar
46:48 Two-Man Saw
49:51 Fortified Wall
50:47 Hand Cart
59:59 Ballistics
61:50 Fletching
文風
10:50 Feudal Age
15:26 Castle Age
13:43 Double-Bit Axe
13:43 Horse Collar
15:46 Fletching
17:34 Bow Saw
24:14 Ballistics
24:49 Wheelbarrow
27:43 Gold Mining
27:57 Heavy Plow
31:08 Imperial Age
31:05 Gold Shaft Mining
30:20 Stone Mining
32:55 Chemistry
31:52 Bodkin Arrow
32:01 Padded Archer Armor
32:36 Bracer
32:54 Heavy Cavalry Archer
36:01 Padded Archer Armor
36:23 Squires
36:31 Pikeman
37:55 Leather Archer Armor
38:02 Scale Mail Armor
39:03 Halberdier
47:37 Caravan
51:12 Silk Armor
53:37 Light Cavalry
54:18 Husbandry
54:29 Bloodlines
54:24 Hussar
55:43 Scale Barding Armor
55:48 Forging
56:09 Ring Archer Armor
57:35 Chain Barding Armor
57:53 Iron Casting
58:10 Loom
專業送分員
10:12 Feudal Age
10:50 Double-Bit Axe
12:43 Loom
15:05 Castle Age
18:49 Bow Saw
28:57 Wheelbarrow
29:08 Horse Collar
29:28 Gold Mining
32:58 Imperial Age
31:13 Scale Mail Armor
31:25 Anarchy
31:44 Squires
31:50 Man-at-Arms
33:20 Chain Mail Armor
33:16 Forging
33:42 Perfusion
34:03 Conscription
33:06 Long Swordsman
33:55 Two-Handed Swordsman
34:04 Pikeman
34:31 Halberdier
36:30 Iron Casting
37:05 Elite Huskarl
38:50 Blast Furnace
42:16 Champion
44:12 Caravan
52:12 Capped Ram
屌炸天
11:32 Feudal Age
12:47 Double-Bit Axe
15:26 Castle Age
18:50 Bow Saw
21:20 Horse Collar
25:28 Wheelbarrow
25:02 Crossbowman
26:36 Fletching
30:11 Imperial Age
28:14 Bodkin Arrow
28:20 Padded Archer Armor
30:02 Leather Archer Armor
30:09 Ballistics
30:52 Bracer
30:19 Arbalester
32:04 Hand Cart
32:00 Gold Mining
34:08 Two-Man Saw
34:15 Ring Archer Armor
34:42 Yeomen
35:19 Squires
34:40 Pikeman
38:01 Chemistry
37:16 Forging
37:06 Scale Mail Armor
37:33 Caravan
39:08 Halberdier
42:05 Chain Mail Armor
42:25 Iron Casting
43:18 Plate Mail Armor
45:30 Heavy Plow
47:50 Blast Furnace
47:57 Coinage
49:08 Banking
Connection lost

Rejoining the realm…

Still unreachable

The connection could not be restored.

Session expired

The server has moved on; the page needs a fresh start.